 Dungeon Crawl Stone Soup version 0.21.1-1-g345015fe64 (webtiles) character file.

2000 Alannah the Sneak (level 9, -7/100 HPs)
             Began as a Demonspawn Assassin on Apr 22, 2018.
             Mangled by Name63's ghost (20 damage)
             ... on level 6 of the Dungeon on Apr 23, 2018.
             The game lasted 00:25:41 (6832 turns).

Alannah the Sneak (Demonspawn Assassin)             Turns: 6832, Time: 00:25:45

Health: -7/100     AC: 24    Str: 11    XL:     9   Next: 2%
Magic:  9/9        EV:  2    Int: 14    God:
Gold:   293        SH:  0    Dex: 17    Spells: 8/8 levels left

rFire    . . .     SeeInvis .   a - +1 dagger (venom)
rCold    . . .     Gourm    .   (no shield)
rNeg     + + +     Faith    .   (armour currently unavailable)
rPois    +         Spirit   .   (helmet currently unavailable)
rElec    .         Reflect  .   (cloak currently unavailable)
rCorr    .         Harm     .   (gloves currently unavailable)
MR       .....     NoTele   +   (boots currently unavailable)
Stlth    ++++......             (no amulet)
HPRegen  0.26/turn              (no ring)
MPRegen  0.11/turn              (no ring)

@: tree-form, drained
A: demonic guardian 1
a: no special abilities


You were on level 6 of the Dungeon.
You were not hungry.
You were a tree.
You visited 1 branch of the dungeon, and saw 6 of its levels.

You collected 293 gold pieces.

Inventory:

Hand Weapons
 a - a +1 dagger of venom (weapon)
 b - a +0 blowgun
 r - a +2 dagger
 z - a +2 dagger of freezing
Missiles
 e - 34 poisoned needles
Armour
 c - a +0 robe (melded)
 d - a +0 cloak (melded)
 t - a +0 pair of gloves (melded)
Wands
 u - a wand of flame (17)
 w - a wand of paralysis (16)
 x - a wand of polymorph (8)
 A - a wand of acid (11)
Scrolls
 k - 5 scrolls of identify {unknown}
 l - a scroll of enchant weapon {unknown}
 m - a scroll of enchant armour {unknown}
 o - 3 scrolls of teleportation {unknown}
 q - a scroll of amnesia {unknown}
 y - a scroll of fog {unknown}
Potions
 f - a potion of flight {unknown}
 h - a potion of resistance {unknown}
 i - a potion of invisibility
 j - a potion of mutation {unknown}
 n - 3 potions of curing
 p - 2 potions of lignification
 s - a potion of haste
 v - a potion of ambrosia {unknown}
Comestibles
 g - 11 rations


   Skills:
 + Level 4.8(4.6) Fighting
 + Level 4.3(4.2) Short Blades
 + Level 4.4(4.2) Throwing
 * Level 5.7(5.6) Dodging
 * Level 7.2(7.0) Stealth


You had 8 spell levels left.
You didn't know any spells.

Dungeon Overview and Level Annotations

Branches:
Dungeon (6/15)
 Temple: D:4-7

Altars:
Nemelex Xobeh
Sif Muna
Trog
Yredelemnul
The Shining One

Shops:
D:5 ?

Annotations:
D:6 Name63's ghost, novice GnNe


Innate Abilities, Weirdness & Mutations

((You have razor-sharp toenails.))
A weak demonic guardian rushes to your aid.


Message History

Name63's ghost misses you.
You closely miss Name63's ghost. You claw Name63's ghost.
Name63's ghost is moderately damaged.
Name63's ghost hits you.
* * * LOW HITPOINT WARNING * * *
You are electrocuted!
* * * LOW HITPOINT WARNING * * *
You barely miss Name63's ghost.
You claw Name63's ghost, but do no damage.
Name63's ghost is moderately damaged.
Name63's ghost hits you!
* * * LOW HITPOINT WARNING * * *
You feel better. Name63's ghost barely misses you.
It was a potion of lignification.
You turn into a tree.
Your +0 cloak melds into your body.
Your +0 pair of gloves melds into your body.
Your +0 robe melds into your body.
Your roots penetrate the ground.
Name63's ghost hits you but does no damage.
You are electrocuted!
You die...

#..# #..# #......#.#.# #..#
#..# ######.#.# #..#
#..########.#c#.#
##..###..##.........#.#
.....)<..##.#######.#.#
##.#####....#.#.#.#...# #.#
##...#^#^#^#..## #.#
##.#########..# #.#
#..#.'...♣W'..####.###
#..####..#########.........#
#..........#^#^#^#..######.#
##.#######.#.#.#.#...#
#.#######...#
.#######.....(.....#
...................#
..##########[####...#
#......#....


You could see Name63's ghost.

Vanquished Creatures
  Pikel (D:5)
  Sigmund (D:4)
  An ice beast (D:6)
  A phantom (D:5)
  4 ogres
  Blork the orc (D:4)
  A scorpion (D:6)
  2 wights (D:6)
  A bullfrog zombie (D:6)
  A hound (D:4)
  2 bullfrog skeletons (D:4)
  2 orc priests
  Crazy Yiuf (D:5)
  Ijyb (D:4)
  2 iguanas
  An orc wizard (D:6)
  3 worker ants
  7 adders
  9 gnolls
  An adder skeleton (D:4)
  4 worms
  6 dart slugs
  3 leopard geckos (D:4)
  21 orcs
  7 giant cockroaches
  7 goblins
  8 hobgoblins
  2 quokkas
  A ball python (D:3)
  3 bats
  5 frilled lizards
  A jackal skeleton (D:5)
  4 kobolds
  4 rats
119 creatures vanquished.

Vanquished Creatures (collateral kills)
  A wight (D:6)
  A crimson imp (D:6)
  2 orcs
4 creatures vanquished.

Vanquished Creatures (others)
  Menkaure (D:5)
  2 slaves (D:5)
  An ogre (D:5)
  A crimson imp (D:5)
  An orc priest (D:5)
  An iguana (D:5)
  A howler monkey zombie (D:5)
  A gnoll (D:5)
  An adder (D:5)
  5 orcs (D:5)
15 creatures vanquished.

Grand Total: 138 creatures vanquished

Notes
Turn   | Place    | Note
-------+----------+-------------------------------------------
     0 | D:1      | Alannah the Demonspawn Assassin began the quest for the Orb.
     0 | D:1      | Reached XP level 1. HP: 16/16 MP: 1/1
    80 | D:1      | Reached skill level 1 in Dodging
   291 | D:1      | Gained mutation: You have sharp toenails. [demonic ancestry]
   291 | D:1      | Reached XP level 2. HP: 22/22 MP: 2/2
   688 | D:2      | Found a faded altar of an unknown god.
   727 | D:2      | Reached XP level 3. HP: 27/27 MP: 3/3
   902 | D:2      | Reached skill level 4 in Stealth
  1136 | D:2      | Found a glowing golden altar of the Shining One.
  1137 | D:2      | Found a basalt altar of Yredelemnul.
  1137 | D:2      | Found a bloodstained altar of Trog.
  1139 | D:2      | Found a sparkling altar of Nemelex Xobeh.
  1140 | D:2      | Found a deep blue altar of Sif Muna.
  1702 | D:3      | Gained mutation: You have razor-sharp toenails. [demonic ancestry]
  1702 | D:3      | Reached XP level 4. HP: 34/34 MP: 4/4
  2295 | D:3      | Reached XP level 5. HP: 7/39 MP: 5/5
  2719 | D:4      | Noticed Ijyb
  2727 | D:4      | Killed Ijyb
  2872 | D:4      | Noticed Sigmund
  2889 | D:4      | Killed Sigmund
  2889 | D:4      | Reached skill level 5 in Stealth
  2889 | D:4      | Reached XP level 6. HP: 16/47 MP: 6/6
  3407 | D:4      | Gained mutation: A weak demonic guardian rushes to your aid. [demonic ancestry]
  3407 | D:4      | Reached XP level 7. HP: 52/52 MP: 7/7
  3651 | D:4      | Noticed Blork the orc
  3666 | D:4      | Found a deep blue altar of Sif Muna.
  3667 | D:4      | Killed Blork the orc
  4350 | D:5      | Entered Level 5 of the Dungeon
  4360 | D:5      | Noticed Pikel
  4378 | D:5      | Killed Pikel
  4378 | D:5      | Reached skill level 6 in Stealth
  4378 | D:5      | Reached XP level 8. HP: 15/60 MP: 8/8
  4573 | D:5      | Killed Menkaure
  4605 | D:5      | Found Jishoi's Magic Scroll Boutique.
  4645 | D:5      | Found a runed door.
  4793 | D:5      | Noticed Crazy Yiuf
  4801 | D:5      | Killed Crazy Yiuf
  5156 | D:5      | Reached skill level 5 in Dodging
  6526 | D:6      | Reached skill level 7 in Stealth
  6762 | D:6      | Reached XP level 9. HP: 21/67 MP: 9/9
  6817 | D:6      | Noticed Name63's ghost (novice GnNe)
  6830 | D:6      | HP: 2/67 [Name63's ghost (7)]
  6832 | D:6      | Mangled by Name63's ghost

Skill      XL: |  1  2  3  4  5  6  7  8 |
---------------+-------------------------+-----
Dodging        | 1 2 3 4 5 |  5.7
Short Blades   | 2 3 4 |  4.3
Throwing       | 2 3 4 |  4.4
Stealth        | 4 5 6 7 |  7.2
Fighting       | 3 4 |  4.8

Action                   |  1- 3 |  4- 6 |  7- 9 || total
-------------------------+-------+-------+-------++-------
Melee: Dagger            |    73 |   108 |   248 ||   429
       Kick              |     6 |    21 |    74 ||   101
       Blowgun           |       |     5 |       ||     5
 Fire: Blowgun           |     3 |    19 |    34 ||    56
  Use: Potion            |       |     2 |     4 ||     6
 Stab: Sleeping          |    14 |     8 |     4 ||    26
       Invisible         |       |     4 |       ||     4
       Distracted        |       |       |     1 ||     1
  Eat: Chunk             |     2 |     6 |    11 ||    19
Armor: Robe              |    11 |    13 |    23 ||    47
       Skin              |       |       |     1 ||     1
Dodge: Dodged            |    35 |    64 |   124 ||   223
